 Dungeon Crawl Stone Soup version 5.2-56-g927a965 (webtiles) character file.

40 PlanetStephanie the Charmwright (level 4, 0/39 HPs)
             Began as a Gnoll Skald on Dec 15, 2017.
             Was an Initiate of Gozag.
             Killed from afar by an orc wizard (11 damage)
             ... with a magic dart
             ... on level 3 of the Dungeon.
             The game lasted 00:03:01 (2440 turns).

PlanetStephanie the Charmwright (Gnoll Skald)       Turns: 2440, Time: 00:03:02

Health: 0/39       AC:  4 (14%)Str: 13  XL:     4   Next: 57%
Magic:  9/9        EV: 13    Int: 12    God:    Gozag
Gold:   211        SH:  0    Dex: 12    Spells: 7/10 levels left

rFire    . . .     SeeInvis .   n - +0 flail
rCold    . . .     Faith    .   (no shield)
rNeg     . . .     Spirit   .   b - +0 leather armour
rPois    .         Reflect  .   (no helmet)
rElec    .                      (no cloak)
rCorr    .                      f - +0 pair of gloves
MR       .....                  (no boots)
Stlth    ++........             (no amulet)
Regen    0.2/turn               (no ring)
MPRegen  0.2/turn               (no ring)

@: gold aura
A: no striking features
a: Stop Singing, Potion Petition, Call Merchant, Bribe Branch, Renounce Religion


You were on level 3 of the Dungeon.
You worshipped Gozag.
Gozag was aware of your devotion.
You were not hungry.

You visited 1 branch of the dungeon, and saw 3 of its levels.

You collected 250 gold pieces.
You paid 39 gold pieces to Gozag.

Inventory:

Hand Weapons
 a - a +0 mace
 n - a +0 flail (weapon)
Missiles
 c - 391 stones (quivered)
 d - 141 bolts
 g - 82 arrows
Armour
 b - a +0 leather armour (worn)
 f - a +0 pair of gloves (worn)
Scrolls
 m - a scroll of teleportation
Potions
 e - 2 potions of haste
 h - a potion of berserk rage
 i - 2 potions of heal wounds
 j - a potion of lignification
 k - a potion of curing
 l - a potion of mutation


   Skills:
 + Level 5.5 Fighting
 + Level 2.5 Blades
 + Level 2.5(4.2) Axes
 + Level 5.5 Maces & Staves
 + Level 2.5 Polearms
 + Level 2.5 Bows
 + Level 2.5 Crossbows
 + Level 2.5 Throwing
 + Level 4.0 Armour
 + Level 4.0 Dodging
 + Level 2.5 Stealth
 + Level 2.5 Shields
 + Level 2.5 Unarmed Combat
 + Level 5.7 Spellcasting
 + Level 2.5 Hexes
 + Level 6.9 Charms
 + Level 2.5 Summonings
 + Level 2.5 Necromancy
 + Level 2.5 Translocations
 + Level 2.5 Transmutations
 + Level 2.5 Fire Magic
 + Level 2.5 Ice Magic
 + Level 2.5 Air Magic
 + Level 2.5 Earth Magic
 + Level 2.5 Invocations
 + Level 2.5 Evocations


You had 7 spell levels left.
You knew the following spells:

 Your Spells              Type           Power        Failure   Level  Hunger
a - Infusion              Chrm           20 (25)      1%          1    N/A
b - Song of Slaying       Chrm           20 (100)     1%          2    N/A

Dungeon Overview and Level Annotations

Branches:
Dungeon (3/15)

Altars:
Cheibriados
Gozag
Nemelex Xobeh
Sif Muna
Trog
Wu Jian
Zin


Message History

The orc is no longer distracted by gold.
The orc wizard misses you.
The orc hits you with a +0 hand axe (1).
You closely miss the orc wizard.
The orc wizard is heavily wounded.
The orc wizard hits you with a +0 dagger (3).
The orc closely misses you.
The orc hits you with a +0 hand axe (5).
The orc hits you with a +0 hand axe (2).
You closely miss the orc wizard.
The orc wizard is heavily wounded.
The orc wizard gestures wildly while chanting.
The orc wizard blinks!
The orc hits you with a +0 dagger (2).
* * * LOW HITPOINT WARNING * * *
The orc barely misses you. The orc hits you but does no damage.
The orc barely misses you.
The orc wizard gestures at you while chanting.
The magic dart hits you!
That hurt (11)!
You die...
Your body crumbles into a pile of gold.

#.####.#.# ...#.#
#########.#### ....#
#.....# ###.# #.....# #.#
#.....############
###.####.....##..........
..............'..........
$
###.####......#.@.o......
#.# #......#.ยง.o......
#.# #......#..oo......
###.## #>.....#..........
.....# #......#..........
..#..# #......#..........
#.#..# #......#.o........
#.#..###......##########.
#.#...#######.#


You could see an orc wizard and 4 orcs.

Vanquished Creatures
  3 adders
  3 dart slugs
  2 orcs (D:3)
  A quokka (D:1)
  7 bats
  6 giant cockroaches
  7 goblins
  5 hobgoblins
  2 ball pythons
  A frilled lizard (D:1)
  10 kobolds
  5 rats
52 creatures vanquished.

Notes
Turn   | Place    | Note
-------+----------+-------------------------------------------
     0 | D:1      | PlanetStephanie the Gnoll Skald began the quest for the Orb.
     0 | D:1      | Reached XP level 1. HP: 19/19 MP: 5/5
   136 | D:1      | Reached XP level 2. HP: 23/26 MP: 7/7
   945 | D:1      | Reached XP level 3. HP: 27/33 MP: 9/9
  1176 | D:1      | Learned a level 2 spell: Song of Slaying
  1224 | D:2      | Found a glowing silver altar of Zin.
  1243 | D:2      | Found a bloodstained altar of Trog.
  1259 | D:2      | Found a sparkling altar of Nemelex Xobeh.
  1291 | D:2      | Found a faded altar of an unknown god.
  1601 | D:2      | Found a snail-covered altar of Cheibriados.
  1650 | D:2      | Found an ornate altar of the Wu Jian Council.
  1719 | D:2      | Reached XP level 4. HP: 36/39 MP: 9/9
  1737 | D:2      | Found an opulent altar of Gozag.
  1757 | D:2      | Became a worshipper of Gozag Ym Sagoz the Greedy
  1926 | D:2      | Found a deep blue altar of Sif Muna.
  2440 | D:3      | Killed from afar by an orc wizard

Action                   |  1- 3 |  4- 6 || total
-------------------------+-------+-------++-------
Melee: Mace              |   154 |    21 ||   175
       Punch             |     1 |     1 ||     2
       Flail             |       |    15 ||    15
 Cast: Song of Slaying   |     1 |       ||     1
 Stab: Sleeping          |     3 |     1 ||     4
Armor: Leather armour    |    46 |     7 ||    53
Dodge: Dodged            |   126 |    29 ||   155
